TOP OF THE 1ST |
Cincinnati Reds batting - Pitching for Miami Marlins : RHP Michael Wacha
|
Pitching: RHP Michael Wacha
|
|
Batting: SHB Adalberto Mondesi
|
0-0: Called Strike 0-1: Fly out, F7 (Flyball, 78S, EV 88.8 MPH)
|
Batting: RHB Trea Turner
|
0-0: Foul Ball, location: 2F 0-1: Swinging Strike 0-2: Strikes out looking
|
Batting: LHB Gregory Polanco
|
0-0: Ground out 6-3 (Groundball, 4M, EV 85.0 MPH)
|
Top of the 1st over - 0 runs, 0 hits, 0 errors, 0 left on base; Cincinnati 0 - Miami 0 |
BOTTOM OF THE 1ST |
Miami Marlins batting - Pitching for Cincinnati Reds : RHP Danny Salazar
|
Pitching: RHP Danny Salazar
|
|
Batting: RHB Victor Robles
|
0-0: Called Strike 0-1: Fly out, F8 (Flyball, 8LXD, EV 105.0 MPH)
|
Batting: SHB Francisco Lindor
|
0-0: Ball 1-0: SINGLE (Line Drive, 7LS, EV 108.8 MPH)
|
Batting: RHB Javier Baez
|
0-0: Called Strike 0-1: Ball 1-1: Foul Ball, location: 2F 1-2: Strikes out swinging
|
Batting: LHB Michael Conforto
|
0-0: Foul Ball, location: 2F 0-1: Swinging Strike 0-2: Ball Francisco Lindor steals 2nd, throwing error, E2 Francisco Lindor to third 1-2: Foul Ball, location: 2F 1-2: Ball 2-2: DOUBLE (Line Drive, 78XD, EV 110.0 MPH) Francisco Lindor scores
|
Batting: RHB Miguel Andujar
|
0-0: Called Strike 0-1: Swinging Strike 0-2: Ball 1-2: Strikes out swinging
|
Bottom of the 1st over - 1 run, 2 hits, 1 error, 1 left on base; Cincinnati 0 - Miami 1 |
TOP OF THE 2ND |
Cincinnati Reds batting - Pitching for Miami Marlins : RHP Michael Wacha
|
Batting: LHB Joey Gallo
|
0-0: Ball 1-0: Foul Ball, location: 2F 1-1: Ball 2-1: Foul Ball, location: 2F 2-2: SINGLE (Line Drive, 89S, EV 95.0 MPH)
|
Batting: RHB Nelson Cruz
|
0-0: Called Strike 0-1: Ball 1-1: Fly out, F7 (Line Drive, 7, EV 86.3 MPH)
|
Batting: RHB Tomas Nido
|
0-0: Called Strike 0-1: Ball 1-1: Ball 2-1: Fly out, F9 (Flyball, 89D, EV 101.3 MPH)
|
Batting: RHB Kevin Newman
|
0-0: Called Strike 0-1: Ground out 5-3 (Groundball, 56S, EV 79.4 MPH)
|
Top of the 2nd over - 0 runs, 1 hit, 0 errors, 1 left on base; Cincinnati 0 - Miami 1 |
BOTTOM OF THE 2ND |
Miami Marlins batting - Pitching for Cincinnati Reds : RHP Danny Salazar
|
Batting: LHB Kyle Tucker
|
0-0: Called Strike 0-1: Ball 1-1: Called Strike 1-2: Ball 2-2: Strikes out swinging
|
Batting: RHB C.J. Cron
|
0-0: Swinging Strike 0-1: Ground out 5-3 (Groundball, 5, EV 81.9 MPH)
|
Batting: RHB Raudy Read
|
0-0: Ground out 6-3 (Groundball, 6, EV 88.1 MPH)
|
Bottom of the 2nd over - 0 runs, 0 hits, 0 errors, 0 left on base; Cincinnati 0 - Miami 1 |
TOP OF THE 3RD |
Cincinnati Reds batting - Pitching for Miami Marlins : RHP Michael Wacha
|
Batting: RHB Chad Pinder
|
0-0: Foul Ball, location: 2F 0-1: Ground out 4-3 (Groundball, 4, EV 101.9 MPH)
|
Batting: RHB Danny Salazar
|
0-0: Ground out 4-3 (Groundball, 34D, EV 96.3 MPH)
|
Batting: SHB Adalberto Mondesi
|
0-0: Ball 1-0: Ball 2-0: Called Strike 2-1: Foul Ball, location: 2F 2-2: Foul Ball, location: 2F 2-2: Ball 3-2: Ground out 6-3 (Groundball, 6, EV 86.9 MPH)
|
Top of the 3rd over - 0 runs, 0 hits, 0 errors, 0 left on base; Cincinnati 0 - Miami 1 |
BOTTOM OF THE 3RD |
Miami Marlins batting - Pitching for Cincinnati Reds : RHP Danny Salazar
|
Batting: RHB Michael Wacha
|
0-0: Ball 1-0: Ball 2-0: Foul Ball, location: 2F 2-1: Foul Ball, location: 2F 2-2: Ball 3-2: Strikes out swinging
|
Batting: RHB Victor Robles
|
0-0: Bunt for hit to 15 - play at first, batter OUT! 1-3
|
Batting: SHB Francisco Lindor
|
0-0: Ball 1-0: Called Strike 1-1: Ball 2-1: Fly out, F7 (Flyball, 7, EV 85.6 MPH)
|
Bottom of the 3rd over - 0 runs, 0 hits, 0 errors, 0 left on base; Cincinnati 0 - Miami 1 |
TOP OF THE 4TH |
Cincinnati Reds batting - Pitching for Miami Marlins : RHP Michael Wacha
|
Batting: RHB Trea Turner
|
0-0: Ball 1-0: SINGLE (Line Drive, 89M, EV 106.3 MPH)
|
Batting: LHB Gregory Polanco
|
0-0: Ball 1-0: Foul Ball, location: 2F 1-1: Ball 2-1: Foul Ball, location: 2F 2-2: Strikes out swinging
|
Batting: LHB Joey Gallo
|
0-0: Called Strike Trea Turner steals 2nd base 0-1: Swinging Strike 0-2: Foul Ball, location: 2F 0-2: Strikes out swinging
|
Batting: RHB Nelson Cruz
|
0-0: Ball 1-0: Ball 2-0: Called Strike 2-1: Foul Ball, location: 2F 2-2: Fly out, F8 (Flyball, 89D, EV 91.3 MPH)
|
Top of the 4th over - 0 runs, 1 hit, 0 errors, 1 left on base; Cincinnati 0 - Miami 1 |
BOTTOM OF THE 4TH |
Miami Marlins batting - Pitching for Cincinnati Reds : RHP Danny Salazar
|
Batting: RHB Javier Baez
|
0-0: Called Strike 0-1: Foul Ball, location: 2F 0-2: Ball 1-2: Strikes out swinging
|
Batting: LHB Michael Conforto
|
0-0: Called Strike 0-1: Foul Ball, location: 2F 0-2: Ball 1-2: Strikes out swinging
|
Batting: RHB Miguel Andujar
|
0-0: Ball 1-0: Ground out 6-3 (Groundball, 6, EV 96.3 MPH)
|
Bottom of the 4th over - 0 runs, 0 hits, 0 errors, 0 left on base; Cincinnati 0 - Miami 1 |
TOP OF THE 5TH |
Cincinnati Reds batting - Pitching for Miami Marlins : RHP Michael Wacha
|
Batting: RHB Tomas Nido
|
0-0: Ball 1-0: Called Strike 1-1: Ball 2-1: DOUBLE (Line Drive, 3D, EV 95.0 MPH)
|
Batting: RHB Kevin Newman
|
0-0: Foul Ball, location: 2F 0-1: Ball 1-1: Called Strike 1-2: Ball 2-2: Strikes out swinging
|
Batting: RHB Chad Pinder
|
0-0: Ball 1-0: Ball 2-0: Fly out, F9 (Line Drive, 9, EV 98.8 MPH)
|
Batting: RHB Danny Salazar
|
0-0: Called Strike 0-1: Ball 1-1: Ground out 4-3 (Groundball, 4, EV 80.0 MPH)
|
Top of the 5th over - 0 runs, 1 hit, 0 errors, 1 left on base; Cincinnati 0 - Miami 1 |
BOTTOM OF THE 5TH |
Miami Marlins batting - Pitching for Cincinnati Reds : RHP Danny Salazar
|
Batting: LHB Kyle Tucker
|
0-0: Called Strike 0-1: Ball 1-1: Foul Ball, location: 2F 1-2: Strikes out swinging
|
Batting: RHB C.J. Cron
|
0-0: Called Strike 0-1: Foul Ball, location: 2F 0-2: Strikes out looking
|
Batting: RHB Raudy Read
|
0-0: Ball 1-0: Foul Ball, location: 2F 1-1: Foul Ball, location: 2F 1-2: Strikes out swinging
|
Bottom of the 5th over - 0 runs, 0 hits, 0 errors, 0 left on base; Cincinnati 0 - Miami 1 |
TOP OF THE 6TH |
Cincinnati Reds batting - Pitching for Miami Marlins : RHP Michael Wacha
|
Batting: SHB Adalberto Mondesi
|
0-0: Ball 1-0: Foul Ball, location: 2F 1-1: Fly out, F5 (Line Drive, 5, EV 64.4 MPH)
|
Batting: RHB Trea Turner
|
0-0: Called Strike 0-1: Ground out 6-3 (Groundball, 6M, EV 85.0 MPH)
|
Batting: LHB Gregory Polanco
|
0-0: Ball 1-0: Foul Ball, location: 2F 1-1: Ball 2-1: Swinging Strike 2-2: Strikes out looking
|
Top of the 6th over - 0 runs, 0 hits, 0 errors, 0 left on base; Cincinnati 0 - Miami 1 |
BOTTOM OF THE 6TH |
Miami Marlins batting - Pitching for Cincinnati Reds : RHP Danny Salazar
|
Batting: RHB Michael Wacha
|
0-0: Foul Ball, location: 2F 0-1: Swinging Strike 0-2: Strikes out swinging
|
Batting: RHB Victor Robles
|
0-0: Ball 1-0: Foul Ball, location: 2F 1-1: Fly out, F6 (Popup, 6M, EV 76.9 MPH)
|
Batting: SHB Francisco Lindor
|
0-0: Foul Ball, location: 2F 0-1: Ball 1-1: Ball 2-1: DOUBLE (Line Drive, 7LM, EV 111.3 MPH)
|
Batting: RHB Javier Baez
|
0-0: Ball Wild Pitch! Francisco Lindor to third 1-0: Called Strike 1-1: Swinging Strike 1-2: Ball 2-2: Fly out, F9 (Flyball, 8RS, EV 88.8 MPH)
|
Bottom of the 6th over - 0 runs, 1 hit, 0 errors, 1 left on base; Cincinnati 0 - Miami 1 |
TOP OF THE 7TH |
Cincinnati Reds batting - Pitching for Miami Marlins : RHP Michael Wacha
|
Batting: LHB Joey Gallo
|
0-0: Called Strike 0-1: Swinging Strike 0-2: Strikes out swinging
|
Batting: RHB Nelson Cruz
|
0-0: Fly out, F3 (Flyball, 3D, EV 80.6 MPH)
|
Batting: RHB Tomas Nido
|
0-0: Ball 1-0: Called Strike 1-1: Ball 2-1: Swinging Strike 2-2: SINGLE (Line Drive, 78S, EV 97.5 MPH)
|
Batting: RHB Kevin Newman
|
0-0: Called Strike 0-1: Ball 1-1: Fielders Choice at 2nd, U4 (Groundball, 4M, EV 84.4 MPH)
|
Top of the 7th over - 0 runs, 1 hit, 0 errors, 1 left on base; Cincinnati 0 - Miami 1 |
BOTTOM OF THE 7TH |
Miami Marlins batting - Pitching for Cincinnati Reds : RHP Danny Salazar
|
Batting: LHB Michael Conforto
|
0-0: Ball 1-0: Ball 2-0: SINGLE (Line Drive, 34D, EV 94.4 MPH)
|
Batting: RHB Miguel Andujar
|
0-0: Grounds into double play, 6-4-3 (Groundball, 6, EV 92.5 MPH)
|
Batting: LHB Kyle Tucker
|
0-0: Ball 1-0: DOUBLE (Flyball, 89D, EV 107.5 MPH)
|
Batting: RHB C.J. Cron
|
0-0: Called Strike 0-1: Swinging Strike 0-2: Foul Ball, location: 2F 0-2: Foul Ball, location: 2F 0-2: Foul Ball, location: 2F 0-2: Ball 1-2: Strikes out swinging
|
Bottom of the 7th over - 0 runs, 2 hits, 0 errors, 1 left on base; Cincinnati 0 - Miami 1 |
TOP OF THE 8TH |
Cincinnati Reds batting - Pitching for Miami Marlins : RHP Michael Wacha
|
Batting: RHB Chad Pinder
|
0-0: Ball 1-0: Called Strike 1-1: Ground out 6-3 (Groundball, 6, EV 85.0 MPH)
|
Pinch Hitting: LHB Ryan O'Hearn
|
0-0: Ball 1-0: Called Strike 1-1: Ball 2-1: Foul Ball, location: 2F 2-2: Strikes out swinging
|
Batting: SHB Adalberto Mondesi
|
0-0: Called Strike 0-1: Fly out, F7 (Flyball, 7, EV 75.6 MPH)
|
Top of the 8th over - 0 runs, 0 hits, 0 errors, 0 left on base; Cincinnati 0 - Miami 1 |
BOTTOM OF THE 8TH |
Miami Marlins batting - Pitching for Cincinnati Reds : RHP Danny Salazar
|
Pitching: LHP Patrick Dayton
|
|
Batting: RHB Raudy Read
|
0-0: Called Strike 0-1: Foul Ball, location: 2F 0-2: Ground out 6-3 (Groundball, 6, EV 83.8 MPH)
|
Batting: RHB Michael Wacha
|
0-0: Called Strike 0-1: Called Strike 0-2: Strikes out swinging
|
Batting: RHB Victor Robles
|
0-0: Ball 1-0: Called Strike 1-1: Ball 2-1: Swinging Strike 2-2: Strikes out swinging
|
Bottom of the 8th over - 0 runs, 0 hits, 0 errors, 0 left on base; Cincinnati 0 - Miami 1 |
TOP OF THE 9TH |
Cincinnati Reds batting - Pitching for Miami Marlins : RHP Michael Wacha
|
Pitching: RHP Jordan Hicks
|
|
Now at 3B: Rio Ruiz
|
|
Batting: RHB Trea Turner
|
0-0: Swinging Strike 0-1: Ball 1-1: Called Strike 1-2: Strikes out swinging
|
Batting: LHB Gregory Polanco
|
0-0: Ball 1-0: Called Strike 1-1: Called Strike 1-2: Strikes out swinging
|
Batting: LHB Joey Gallo
|
0-0: Swinging Strike 0-1: Called Strike 0-2: Foul Ball, location: 2F 0-2: Ball 1-2: Strikes out swinging
|
Top of the 9th over - 0 runs, 0 hits, 0 errors, 0 left on base; Cincinnati 0 - Miami 1 |
|